 Dungeon Crawl Stone Soup version 0.26.1-2-gb8aa6d0cf2 (webtiles) character file.

Game seed: 4796075605764006917

673 CryoSword the Firebug (level 7, -5/57 HPs)
             Began as a Hill Orc Fire Elementalist on Feb 13, 2021.
             Slain by Edmund
             ... wielding a +3 dire flail of protection
              (11 damage)
             ... on level 4 of the Dungeon.
             The game lasted 00:12:28 (5023 turns).

CryoSword the Firebug (Hill Orc Fire Elementalist)  Turns: 5023, Time: 00:12:29

Health: -5/57      AC:  4    Str: 11    XL:     7   Next: 59%
Magic:  1/11       EV: 16    Int: 17    God:
Gold:   258        SH:  4    Dex: 11    Spells: 3/11 levels left

rFire    . . .     SeeInvis .   y - -2 falchion (curse)
rCold    . . .     Faith    .   l - +0 buckler
rNeg     . . .     Spirit   .   n - +0 robe
rPois    .         Reflect  .   m - +0 helmet
rElec    .         Harm     .   u - +0 cloak
rCorr    .         Rampage  .   (no gloves)
Will     .....                  (no boots)
Stlth    ++........             (no amulet)
HPRegen  0.19/turn              f - +4 ring of evasion
MPRegen  0.12/turn              (no ring)

@: no status effects
A: no striking features
a: no special abilities


You were on level 4 of the Dungeon.
You visited 1 branch of the dungeon, and saw 4 of its levels.

You collected 258 gold pieces.

Inventory:

Hand Weapons
 a - a +0 spear
   (You found it on level 1 of the Dungeon)
 b - a +1 dagger of draining
   (You took it off a goblin on level 2 of the Dungeon)
 y - a cursed -2 falchion (weapon)
   (You found it on level 4 of the Dungeon)
Missiles
 q - 13 poisoned darts (quivered)
 x - a throwing net
Armour
 l - a +0 buckler (worn)
   (You took it off a goblin on level 3 of the Dungeon)
 m - a +0 helmet (worn)
   (You found it on level 2 of the Dungeon)
 n - a +0 robe (worn)
   (You took it off Sigmund on level 2 of the Dungeon)
 u - a +0 cloak (worn)
   (You found it on level 3 of the Dungeon)
Jewellery
 f - a +4 ring of evasion (left hand)
   (You found it on level 1 of the Dungeon)
 r - an uncursed ring of fire
   (You took it off a hobgoblin on level 3 of the Dungeon)
Scrolls
 d - a scroll of enchant armour {unknown}
 g - 3 scrolls of magic mapping
 i - 2 scrolls of immolation {unknown}
 j - a scroll of blinking {unknown}
 k - 2 scrolls of teleportation {unknown}
 o - a scroll of enchant weapon {unknown}
 t - a scroll of remove curse {unknown}
 v - 2 scrolls of fear {unknown}
Potions
 c - a potion of invisibility {unknown}
 e - 3 potions of heal wounds {@q2}
 h - a potion of curing {unknown}
 p - a potion of brilliance {unknown}
 s - a potion of attraction {unknown}
 w - a potion of might {unknown}


   Skills:
 - Level 3.2 Fighting
 - Level 1.5 Dodging
 - Level 1.5 Stealth
 + Level 3.3 Shields
 - Level 2.7 Spellcasting
 - Level 4.2 Conjurations
 - Level 5.6 Fire Magic


You had 3 spell levels left.
You knew the following spells:

 Your Spells              Type           Power        Failure   Level
a - Foxfire               Conj/Fire      76%          2%          1
b - Conjure Flame         Conj/Fire      19%          8%          3
c - Sticky Flame          Conj/Fire      19%          26%         4

Your spell library contained the following spells:

 Spells                   Type           Power        Failure   Level
 Inner Flame              Hex/Fire       11%          19%         3
 Fireball                 Conj/Fire      9%           56%         5


Dungeon Overview and Level Annotations

Branches:
Dungeon (4/15)
 Temple: D:4-7

Altars:

Annotations:
D:4 Edmund


Message History

You kill the gnoll!
Your Shields skill increases to level 2!
You now have 181 gold pieces (gained 11).
You start resting.
You conjure some foxfire!
You barely miss the worker ant.
The foxfire hits the worker ant.
The foxfire hits the worker ant but does no damage.
The worker ant completely misses you.
You conjure some foxfire!
The worker ant closely misses you.
You barely miss the worker ant.
The foxfire hits the worker ant.
The foxfire hits the worker ant but does no damage.
The worker ant bites you.
The spell is quite dangerous to cast (30% risk of failure)!
Continue anyway?
Okay, then.
You conjure some foxfire!
You block the worker ant's attack.
You hit the worker ant but do no damage.
You drain the worker ant.
The foxfire hits the worker ant but does no damage. x2
The worker ant completely misses you. You block the worker ant's attack.
You conjure some foxfire!
The worker ant barely misses you.
You hit the worker ant but do no damage.
The foxfire hits the worker ant. x2; The worker ant bites you.
You are poisoned.
The worker ant poisons you!
You conjure some foxfire!
You feel sick. The worker ant closely misses you.
You barely miss the worker ant.
The foxfire hits the worker ant.
You kill the worker ant!
You feel sick.
You now have 198 gold pieces (gained 17).
Things that are here:
a +0 spear; a gnoll corpse You feel sick.
q - 12 poisoned darts (gained 2)
Things that are here:
a +0 halberd; a gnoll corpse You feel sick.
q - 13 poisoned darts (gained 1)
You feel sick.
Things that are here:
a +0 halberd; a gnoll corpse You feel sick.
You are no longer poisoned.
You see here a +0 halberd.
A jackal skeleton is nearby!
You conjure some foxfire!
A jackal skeleton is nearby!
The foxfire hits the jackal skeleton. x2
You hit the jackal skeleton.
You destroy the jackal skeleton!
x - a throwing net
Found a runed falchion.
Found a stone staircase leading down.
You see here a runed falchion.
You now have 205 gold pieces (gained 7).
A worker ant is nearby!
You conjure some foxfire!
You conjure some foxfire!
You conjure some foxfire!
The foxfire hits the worker ant. x2
You conjure some foxfire!
The foxfire hits the worker ant but does no damage.
The foxfire hits the worker ant. x3
You kill the worker ant!
You now have 221 gold pieces (gained 16).
You now have 235 gold pieces (gained 14).
You see here a runed falchion.
y - a runed falchion It sticks to your hand!
y - a cursed -2 falchion (weapon)
You now have 248 gold pieces (gained 13).
i - 2 scrolls labelled ZOMNUPLUCSU (gained 1)
You now have 258 gold pieces (gained 10).
A scorpion comes into view.
You conjure some foxfire!
You conjure some foxfire!
You conjure some foxfire!
The foxfire hits the scorpion.
You conjure some foxfire!
The foxfire hits the scorpion. x2
The foxfire hits the scorpion but does no damage. x3
You conjure some foxfire!
You miscast Foxfire.
You are very lightly contaminated with residual magic.
Nothing appears to happen.
The foxfire hits the scorpion but does no damage.
The foxfire hits the scorpion.
Throw: 13 darts (poison)
Aim: a scorpion (severely wounded, 56% to hit)
You throw a poisoned dart. The poisoned dart hits the scorpion.
You conjure some foxfire!
You conjure some foxfire!
The foxfire hits the scorpion. x2
You kill the scorpion!
Your Shields skill increases to level 3!
You see here a scorpion corpse.
q - 13 poisoned darts (gained 1)
Your magical contamination has completely faded away.
You see here a scorpion corpse.
You start resting.
Okay, then.
Could not explore, unopened door.
You open the large door.
Edmund the Younger comes into view.
He is wielding a +3 dire flail of protection.
Edmund shouts!
You conjure some foxfire!
You conjure some foxfire!
The foxfire hits Edmund but does no damage.
You conjure some foxfire!
The foxfire hits Edmund.
The foxfire hits Edmund but does no damage. x2
Edmund drinks a potion.
Edmund seems to speed up.
You conjure some foxfire!
You conjure some foxfire!
The foxfire hits Edmund.
The foxfire hits Edmund but does no damage. x4
You closely miss Edmund.
The foxfire hits Edmund but does no damage.
Edmund barely misses you.
You riposte.
You hit Edmund but do no damage.
You conjure some foxfire!
Edmund hits you with a +3 dire flail of protection!
You conjure some foxfire!
The foxfire hits Edmund but does no damage.
Edmund closely misses you.
You riposte.
You hit Edmund but do no damage. Edmund misses you.
You riposte.
You hit Edmund but do no damage.
You conjure some foxfire!
The foxfire hits Edmund but does no damage.
The foxfire hits Edmund.
Edmund hits you with a +3 dire flail of protection!
The foxfire hits Edmund.
You conjure some foxfire!
The foxfire hits Edmund.
The foxfire hits Edmund but does no damage.
Edmund barely misses you.
You conjure some foxfire!
Edmund hits you with a +3 dire flail of protection.
Edmund hits you with a +3 dire flail of protection!
* * * LOW HITPOINT WARNING * * *
The foxfire hits Edmund but does no damage. x4
Edmund says, "I'm quite good with sums, too."
You conjure some foxfire!
Edmund says, "A flail is better than a scythe, any day of the week!"
Edmund hits you with a +3 dire flail of protection!
* * * LOW HITPOINT WARNING * * *
You block Edmund's attack.
You conjure some foxfire!
The foxfire hits Edmund but does no damage.
Edmund hits you with a +3 dire flail of protection.
* * * LOW HITPOINT WARNING * * *
The foxfire hits Edmund.
The foxfire hits Edmund but does no damage.
The foxfire hits Edmund.
Edmund completely misses you.
You riposte.
You hit Edmund. Edmund barely misses you.
Edmund hits you with a +3 dire flail of protection!
You die...

################
#.....#........###
#.................
#...........#≈##.
#...#.@...### #####@....# ..
#......#≈≈# ...
#......#≈≈≈≈≈ ...#########
#......#≈≈#≈≈≈# ...........#
###†...##≈≈≈≈≈≈
...........###.......≈≈≈≈#≈≈
..........>......''..###≈≈ #
..†........###...#.....##≈≈
...........###...#+......


You could see Edmund (fast).

Vanquished Creatures
  Grinder (D:3)
  Sigmund (D:2)
  A scorpion (D:4)
  3 worker ants (D:4)
  3 gnolls (D:4)
  5 adders
  An ooze (D:3)
  5 worms
  9 dart slugs
  4 leopard geckos
  An orc (D:4)
  3 giant cockroaches
  7 goblins
  8 hobgoblins
  5 jackals (D:1)
  2 quokkas (D:2)
  A ball python (D:2)
  4 bats
  5 frilled lizards
  A jackal skeleton (D:4)
  7 kobolds
  3 rats (D:1)
80 creatures vanquished.

Vanquished Creatures (collateral kills)
  5 foxfires (D:1)
5 creatures vanquished.

Vanquished Creatures (others)
  343 foxfires
  A plant (D:1)
344 creatures vanquished.

Grand Total: 429 creatures vanquished

Notes
Turn   | Place    | Note
-------+----------+-------------------------------------------
     0 | D:1      | CryoSword the Hill Orc Fire Elementalist began the quest
                  | for the Orb.
     0 | D:1      | Reached XP level 1. HP: 14/14 MP: 3/3
   247 | D:1      | Reached XP level 2. HP: 22/22 MP: 0/4
   739 | D:1      | Reached skill level 1 in Fighting
   904 | D:1      | Reached XP level 3. HP: 28/28 MP: 2/5
  1555 | D:2      | Learned a level 3 spell: Conjure Flame
  1657 | D:2      | Noticed Sigmund
  1663 | D:2      | Reached skill level 4 in Fire Magic
  1790 | D:2      | Killed Sigmund
  1791 | D:2      | Reached XP level 4. HP: 5/36 MP: 0/7
  1791 | D:2      | Reached XP level 5. HP: 6/41 MP: 0/8
  2170 | D:2      | Reached XP level 6. HP: 33/50 MP: 5/9
  2604 | D:2      | Reached skill level 5 in Fire Magic
  3155 | D:3      | Found a faded altar of an unknown god.
  3231 | D:3      | Noticed Grinder
  3256 | D:3      | Killed Grinder
  3257 | D:3      | Reached XP level 7. HP: 24/57 MP: 0/11
  3855 | D:3      | Learned a level 4 spell: Sticky Flame
  4317 | D:4      | Reached skill level 1 in Shields
  5004 | D:4      | Noticed Edmund
  5023 | D:4      | Slain by Edmund

Illustrated notes

Levels and vault maps discovered:
D:1:      dpeg_chamrin_arrival_tetris, layout_basic, serial_forest,
          infiniplex_forest_lined_3, infiniplex_forest_clump_small,
          infiniplex_forest_lined_room_2, infiniplex_forest_fountain,
          infiniplex_forest_3_way, infiniplex_forest_straight_2,
          infiniplex_forest_clump_tiny, infiniplex_forest_end_2,
          infiniplex_forest_lined_room_2, infiniplex_forest_zigzag_2,
          hangedman_glass_teeth
D:2:      layout_loops_ring, minmay_pentomino_x2, uniq_sigmund
D:3:      layout_basic, chequers_ecumenical_altar_island,
          kennysheep_generic_room_14, uniq_grinder
D:4:      layout_basic, minivault_4, minmay_shop_grid_forest, uniq_edmund

Skill      XL: |  1  2  3  4  5  6  7 |
---------------+----------------------+-----
Fighting       | 1 2 3 |  3.2
Conjurations   | 3 4 |  4.2
Fire Magic     | 4 5 |  5.6
Spellcasting   | 2 |  2.7
Shields        | 3 |  3.3
Dodging        | |  1.5
Stealth        | |  1.5

Action                   |  1- 3 |  4- 6 |  7- 9 || total
-------------------------+-------+-------+-------++-------
Melee: Spear             |    33 |    12 |       ||    45
       Unarmed           |     1 |       |       ||     1
       Dagger            |       |    19 |    14 ||    33
       Falchion          |       |       |     1 ||     1
Throw: Dart              |       |       |     4 ||     4
 Cast: Foxfire           |    71 |    48 |    71 ||   190
       Conjure Flame     |       |       |     1 ||     1
  Use: Scroll            |       |     3 |       ||     3
 Stab: Sleeping          |       |       |     1 ||     1
Armor: Robe              |     1 |     3 |     4 ||     8
Dodge: Dodged            |    21 |    34 |    22 ||    77
Block: Buckler           |       |       |     4 ||     4
       Rpst.: Falchion   |       |       |     4 ||     4
